 Dungeon Crawl Stone Soup version 0.28.0-1-gb440e238dd (webtiles) character file.

Game seed: 3544000164235864067

114813 hikkokomori the Earth Mage (level 16, -1/93 HPs)
             Began as a Gargoyle Earth Elementalist on Feb 23, 2022.
             Was an Elder of Sif Muna.
             Killed by mirror damage (2 damage)
             ... on level 15 of the Dungeon on Feb 25, 2022.
             The game lasted 02:21:10 (35400 turns).

hikkokomori the Earth Mage (GrEE)                  Turns: 35400, Time: 02:21:11

Health: -1/93      AC: 29    Str: 16    XL:     16   Next: 67%
Magic:  0/29       EV: 11    Int: 20    God:    Sif Muna [****..]
Gold:   1128       SH: 17    Dex: 10    Spells: 4/34 levels left

rFire   + . .      SeeInvis +   X - +2 demon trident (freeze)
rCold   + . .      Faith    .   n - +0 kite shield
rNeg    + . .      Spirit   .   P - +2 robe {rC+ rF+}
rPois   ∞          Reflect  +   I - +1 helmet
rElec   +          Harm     .   e - +2 cloak {Will+}
rCorr   .          Rampage  .   g - +0 pair of gloves
Will    ++...                   U - +2 pair of boots
Stlth   +++.......              b - amulet of reflection
HPRegen 0.25/turn               D - +4 ring of protection
MPRegen 0.21/turn               a - ring of see invisible

@: flying, studying Evocations
A: sickness immunity, AC +12, big wings, negative energy resistance 1,
electricity resistance, torment resistance 1, petrification resistance
a: Renounce Religion, Channel Magic, Forget Spell, Divine Exegesis


You were on level 15 of the Dungeon.
You worshipped Sif Muna.
Sif Muna was greatly pleased with you.
You visited 3 branches of the dungeon, and saw 22 of its levels.
You also visited: Bailey, Gauntlet and Ice Cave.

You collected 1614 gold pieces.
You spent 486 gold pieces at shops.

Inventory:

Hand Weapons
 m - a +0 demon whip
 E - a +1 vorpal morningstar
 X - a +2 demon trident of freezing (weapon)
Missiles
 c - 302 stones
Armour
 e - a +2 cloak of willpower (worn)
 g - a +0 pair of gloves (worn)
 n - a +0 kite shield (worn)
 v - the quicksilver dragon scales of Tollod {rC- Will+ Dex+4}
   (You found it in a bailey)

   Dex:       It affects your dexterity (+4).
   rC:        It makes you vulnerable to cold.
   Will:      It increases your willpower.
 I - a +1 helmet (worn)
 K - a +2 robe of willpower
 P - a +2 robe of resistance (worn)
 Q - the +7 tower shield "Ifue" {rPois rN+ Int+2}
   (You found it on level 8 of the Dungeon)

   Int:       It affects your intelligence (+2).
   rPois:     It protects you from poison.
   rN:        It protects you from negative energy.
 U - a +2 pair of boots (worn)
 V - the +3 robe of Lyuqader {rElec rF+ Str+2}
   (You bought it in a shop on level 9 of the Dungeon)

   Str:       It affects your strength (+2).
   rF:        It protects you from fire.
   rElec:     It insulates you from electricity.
Magical Staves
 i - a staff of earth
Jewellery
 a - a ring of see invisible (right hand)
 b - an amulet of reflection (around neck)
 z - an amulet of faith
 D - a +4 ring of protection (left hand)
 L - a ring of resist corrosion
 O - a ring of positive energy
 R - an amulet of regeneration
 Z - the ring "Iffeick" {rPois Dex+4}
   (You found it in a Gauntlet)

   [ring of poison resistance]

   Dex:       It affects your dexterity (+4).
   rPois:     It protects you from poison.
Wands
 B - a wand of paralysis (17)
 C - a wand of mindburst (39)
 G - a wand of charming (8)
 H - a wand of flame (3)
 N - a wand of acid (4)
 S - a wand of iceblast (4)
 T - a wand of digging (25)
Scrolls
 k - a scroll of blinking
 r - 3 scrolls of fear
 t - a scroll of enchant weapon
 y - a scroll of magic mapping
 A - 3 scrolls of teleportation
 J - 7 scrolls of immolation
Potions
 f - 3 potions of heal wounds
 h - 2 potions of cancellation
 j - 7 potions of brilliance
 l - 2 potions of might
 o - a potion of magic
 p - 4 potions of mutation
 q - 3 potions of ambrosia
 s - 4 potions of curing
 u - 2 potions of berserk rage
 w - 3 potions of invisibility
 x - 4 potions of lignification
 F - a potion of haste
 M - 4 potions of resistance
Miscellaneous
 d - a phantom mirror
 Y - a condenser vane


   Skills:
 - Level 8.2 Fighting
 - Level 1.5 Dodging
 - Level 5.1 Stealth
 + Level 14.3 Shields
 + Level 9.6 Spellcasting
 + Level 12.7 Conjurations
 - Level 9.1 Necromancy
 - Level 6.0 Translocations
 - Level 0.7 Transmutations
 + Level 4.0 Fire Magic
 - Level 15.0 Earth Magic
 - Level 7.5 Invocations
 - Level 6.2 Evocations


You had 4 spell levels left.
You knew the following spells:

 Your Spells              Type           Power      Damage    Failure   Level
a - Sandblast             Erth           100%       2d20      1%          1
b - Stone Arrow           Conj/Erth      100%       3d13      1%          3
c - Gell's Gravitas       Tloc           33%        N/A       3%          3
d - Borgnjor's Vile Clut  Necr/Erth      27%        N/A       2%          5
e - Iron Shot             Conj/Erth      30%        9d6       6%          6
f - Passwall              Tmut/Erth      34%        N/A       1%          2
g - Fireball              Conj/Fire      21%        3d10      12%         5
h - Irradiate             Conj/Tmut      18%        3d19      22%         5

Your spell library contained the following spells:

 Spells                   Type           Power      Damage    Failure   Level
 Apportation              Tloc           66%        N/A       1%          1
 Magic Dart               Conj           100%       1d8       1%          1
 Conjure Flame            Conj/Fire      43%        6-21      1%          3
 Vampiric Draining        Necr           46%        2d9       1%          3
 Corpse Rot               Necr/Air       56%        N/A       3%          2
 Lesser Beckoning         Tloc           33%        N/A       3%          3
 Teleport Other           Tloc           33%        N/A       3%          3
 Animate Dead             Necr           23%        N/A       3%          4
 Dispel Undead            Necr           46%        3d18      3%          4
 Petrify                  Tmut/Erth      41%        N/A       4%          4
 Sticky Flame             Conj/Fire      43%        2d6       4%          4
 Animate Armour           Summ/Erth      78%        N/A       6%          4
 Leda's Liquefaction      Hex/Erth       19%        N/A       6%          4
 Mephitic Cloud           Conj/Pois/Air  26%        N/A       7%          3
 Portal Projectile        Hex/Tloc       42%        N/A       11%         3
 Wereblood                Tmut           12%        N/A       14%         2
 Poisonous Vapours        Pois/Air       18%        N/A       21%         2
 Ignite Poison            Fire/Tmut/Pois 15%        N/A       21%         3
 Swiftness                Air            9%         N/A       36%         3
 Ice Form                 Ice/Tmut       11%        N/A       73%         4
 Iskenderun's Battlesphe  Conj           57%        2d11      1%          5
 Agony                    Necr           46%        N/A       9%          5
 Lightning Bolt           Conj/Air       17%        1d32      26%         5
 Death Channel            Necr           23%        N/A       41%         6
 Orb of Destruction       Conj           28%        9d9       50%         7
 Conjure Ball Lightning   Conj/Air       17%        3x3d6     82%         6
 Lehudib's Crystal Spear  Conj/Erth      30%        10d8      95%         8
 Simulacrum               Ice/Necr       14%        N/A       96%         6
 Alistair's Intoxication  Tmut/Pois      7%         N/A       97%         5
 Metabolic Englaciation   Hex/Ice        4%         N/A       98%         5
 Eringya's Noxious Bog    Tmut/Pois      5%         N/A       100%        6
 Spellforged Servitor     Conj/Summ      17%        N/A       100%        7
 Storm Form               Tmut/Air       5%         N/A       100%        7
 Summon Hydra             Summ           4%         N/A       100%        7
 Infestation              Necr           23%        N/A       100%        8
 Sublimation of Blood     Necr           Unusable   N/A       N/A         2
 Statue Form              Tmut/Erth      Unusable   N/A       N/A         6

Dungeon Overview and Level Annotations

Branches:
Dungeon (15/15)            Temple (1/1) D:4            Lair (6/6) D:8
  Swamp (0/4) Lair:2       Spider (0/4) Lair:3        Slime (0/5) Lair:6
    Orc (0/2) D:12         Vaults (0/5) D:14         Bailey (visited)
  IceCv (visited)         Gauntlet (visited)
 Depths: D:15

Altars:
Ashenzari
Cheibriados
Dithmenos
Elyvilon
Fedhas
Gozag
Hepliaklqana
Kikubaaqudgha
Makhleb
Nemelex Xobeh
Okawaru
Qazlal
Ru
Sif Muna
Trog
Uskayaw
Vehumet
Wu Jian
Xom
Yredelemnul
Zin
The Shining One

Shops:
D:7 *   D:9 =[(*   D:11 *

Annotations:
D:9 2 transporters
Lair:4 exclusion: 2 oklob plants


Innate Abilities, Weirdness & Mutations

You are immune to sickness and miasma.
Your stone body is resilient. (AC +12)
You are immune to poison.
Your large and strong wings let you fly.
You resist negative energy. (rN+)
You are resistant to electric shocks. (rElec)
You are resistant to unholy torment.
You are immune to petrification.


Message History

The yaktaur captain wields a +0 arbalest.
The yaktaur captain shoots a bolt.
You reflect the bolt off an invisible shield around you!
The bolt hits the yaktaur captain!!
The zombie hands lose their grip on something.
There is an open door here.
The yaktaur captain shoots a bolt.
The bolt closely misses you.
The yaktaur captain shoots a bolt.
You reflect the bolt off an invisible shield around you!
The bolt hits the yaktaur captain!!!
You kill the yaktaur captain!
Sif Muna accepts your kill.
Your Fire Magic skill increases to level 4!
There is an open door here.
Casting: Borgnjor's Vile Clutch (dangerous; 2% risk of failure)
Confirm with . or Enter, or press ? or * to list all spells.
Aiming: Borgnjor's Vile Clutch (dangerous; 2% risk of failure)
Press: ? - help, Shift-Dir - straight line, f - death knight
Aim: a death knight, wielding a +0 great sword and wearing a +0 chain mail (heavily wounded, 100% to hit)
You miscast Borgnjor's Vile Clutch.
You are very lightly contaminated with residual magic.
Nothing appears to happen.
The death knight offers itself to Yredelemnul, and fills with unholy energy.
There is an open door, spattered with blood here.
There is an open door here.
Your magical contamination has completely faded away.
Casting: Borgnjor's Vile Clutch (dangerous; 2% risk of failure)
Confirm with . or Enter, or press ? or * to list all spells.
Aiming: Borgnjor's Vile Clutch (dangerous; 2% risk of failure)
Press: ? - help, Shift-Dir - straight line, f/p - death knight
Aim: a death knight, wielding a +0 great sword and wearing a +0 chain mail (heavily wounded, reflecting injuries, 100% to hit)
Zombie hands grab the death knight.
The zombie hands constrict the death knight.
The death knight reflects your damage back at you!
* * * LOW HITPOINT WARNING * * *
The death knight hits you with a +0 great sword!!
* * * LOW HITPOINT WARNING * * *
The zombie hands constrict the death knight.
The death knight reflects your damage back at you!
You die...

#.#.##≈...8≈###.#.###
#...##≈....≈†#......#
....##≈.P..≈#).#...#+
....##≈....≈+#......#
##..##≈..⌠.≈#....#.#+
.#..##≈PPPP≈##......#
#...##≈≈≈≈≈≈##.#.#.##
....###########+#)##
....####.#####.#@#.#
#...##......#......#
....##..#..#+#p#...#
#...#.......#..###.#
....##..#..#'#...#.#
....##......#......#
..#.##.#.#.########+
##
###.###+#'##...?..##
..
#...##.#.#.##......#.
.#


You could see a death knight (reflects damage, clutched).

Vanquished Creatures
  Rupert (D:15)
  Roxanne (D:14)
  2 frost giants
  A balrug (Gauntlet)
  A blizzard demon (Gauntlet)
  A yaktaur captain (D:15)
  2 fire dragons
  The ghost of Woods the Severer, a journeyman MiFi of Yredelemnul (D:11)
  2 vault guards (D:14)
  A great orb of eyes (D:15)
  12 hydras
  6 boulder beetles
  3 catoblepae
  4 centaur warriors
  5 two-headed ogres
  A death knight (D:15)
  The ghost of Koity the Basher, a journeyman GrFi of the Shining One (Lair:1)
  10 death yaks
  A tengu warrior (D:15)
  An orc knight (D:15)
  2 necromancers
  A lindwurm (Lair:6)
  A wizard (D:14)
  A wolf spider (D:15)
  19 ugly things
  2 oklob plants (Lair:5)
  6 manticores
  5 cyclopes
  11 elephants
  12 black mambas
  A moth of wrath (shapeshifter) (D:15)
  2 guardian serpents (shapeshifter) (D:15)
  An ice statue (IceCv)
  2 molten gargoyles (Lair:6)
  A torpor snail (Lair:5)
  10 cane toads
  A cane toad (shapeshifter) (D:9)
  11 komodo dragons
  Maggie (Lair:2)
  10 rime drakes
  A yaktaur (D:14)
  A yaktaur (shapeshifter) (D:15)
  A freezing wraith (D:15)
  An ice devil (Gauntlet)
  A troll (D:12)
  8 polar bears
  A queen bee (Lair:4)
  3 meliai (Lair:4)
  5 slime creatures (D:13)
  4 hornets
  A tyrant leech (Lair:2)
  A wind drake (shapeshifter) (D:14)
  5 dream sheep (Lair:6)
  16 blink frogs
  A shadow (D:9)
  6 spriggans (Bailey)
  2 water elementals (D:11)
  Eustachio (D:6)
  9 wyverns
  4 wraiths
  8 basilisks
  37 yaks
  20 humans (D:14)
  Grum (D:11)
  A redback (D:15)
  3 vampire mosquitoes (D:12)
  4 steam dragons
  2 wargs (D:12)
  A swamp worm (Lair:2)
  6 hell hounds
  18 water moccasins
  Duvessa (D:6)
  5 acid dragons
  2 orc warriors
  An ice beast (D:6)
  7 black bears
  An elephant zombie (Lair:3)
  5 ogres
  3 necrophages
  18 centaurs
  35 wolves
  3 komodo dragon zombies (Lair:3)
  A wyvern zombie (D:9)
  15 bullfrogs
  2 scorpions (D:4)
  Dowan (D:6)
  2 water moccasin skeletons
  The ghost of indyram44 the Shield-Bearer, a weakling MiFi (D:3)
  48 killer bees
  15 electric eels
  9 howler monkeys
  A crimson imp (D:5)
  5 lava snakes (Lair:6)
  4 centaur zombies
  2 jellies
  8 orc priests
  A gnoll shaman (D:6)
  5 hounds
  3 bullfrog skeletons
  A centaur skeleton (D:6)
  14 hell rats
  An iguana (D:4)
  7 orc wizards
  A killer bee zombie (D:5)
  A hound skeleton (D:5)
  10 gnolls
  A howler monkey zombie (D:9)
  A river rat (Lair:4)
  6 adders
  A howler monkey skeleton (D:7)
  2 white imps
  A worm (D:2)
  2 dart slugs (D:2)
  47 orcs
  3 ball pythons
  4 bats
  10 endoplasms
  4 giant cockroaches
  7 goblins
  6 hobgoblins
  3 jackals (D:2)
  10 kobolds
  2 quokkas (D:1)
  7 frilled lizards
  10 rats
696 creatures vanquished.

Vanquished Creatures (collateral kills)
  A minotaur (Gauntlet)
  A hydra (Lair:1)
  An elephant (Lair:4)
  3 blink frogs (Lair:4)
  A basilisk (Lair:1)
  A wolf (Lair:1)
8 creatures vanquished.

Vanquished Creatures (others)
  An adder (D:6)
  40 fungi
  79 plants
120 creatures vanquished.

Grand Total: 824 creatures vanquished

Notes
Turn   | Place    | Note
-------+----------+-------------------------------------------
     0 | D:1      | hikkokomori the Gargoyle Earth Elementalist began the quest
                  | for the Orb.
     0 | D:1      | Reached XP level 1. HP: 10/10 MP: 3/3
   267 | D:1      | Reached skill level 4 in Earth Magic
   267 | D:1      | Reached XP level 2. HP: 10/15 MP: 5/5
  1231 | D:2      | Reached XP level 3. HP: 18/19 MP: 4/6
  1234 | D:2      | Found an opulent altar of Gozag.
  2083 | D:2      | Reached XP level 4. HP: 24/24 MP: 8/8
  2493 | D:2      | Reached skill level 5 in Earth Magic
  2913 | D:3      | Found a runed translucent gate.
  2913 | D:3      | Found a runed translucent gate.
  2913 | D:3      | Found a runed translucent gate.
  2915 | D:3      | Noticed indyram44's ghost (weakling MiFi)
  3187 | D:3      | Reached XP level 5. HP: 28/28 MP: 7/10
  3407 | D:3      | Reached skill level 6 in Earth Magic
  3540 | D:3      | Reached XP level 6. HP: 27/32 MP: 10/12
  3855 | D:3      | Identified the +8 hunting sling "Bumiuck" {freeze, rPois
                  | MP-9 Int+3}
  4222 | D:3      | Killed indyram44's ghost
  4413 | D:4      | Reached skill level 7 in Earth Magic
  4415 | D:4      | Reached XP level 7. HP: 28/36 MP: 2/14
  4515 | D:4      | Reached skill level 5 in Spellcasting
  4581 | D:4      | Found a staircase to the Ecumenical Temple.
  4596 | Temple   | Entered the Ecumenical Temple
  4779 | Temple   | Became a worshipper of Sif Muna the Loreminder
  5187 | D:4      | Learned a level 3 spell: Stone Arrow
  5303 | D:5      | Entered Level 5 of the Dungeon
  5317 | D:5      | Reached skill level 1 in Conjurations
  5317 | D:5      | Reached skill level 8 in Earth Magic
  5558 | D:5      | Reached XP level 8. HP: 42/42 MP: 7/16
  5568 | D:5      | Reached skill level 1 in Fighting
  5568 | D:5      | Reached skill level 1 in Shields
  5633 | D:5      | Reached * piety under Sif Muna
  6063 | D:5      | Found a burning altar of Makhleb.
  6063 | D:5      | Found a radiant altar of Vehumet.
  6180 | D:6      | Noticed Eustachio
  6186 | D:6      | Killed Eustachio
  6250 | D:6      | Noticed Dowan
  6252 | D:6      | Noticed Duvessa
  6574 | D:5      | Reached XP level 9. HP: 44/51 MP: 1/18
  6584 | D:5      | Reached ** piety under Sif Muna
  6874 | D:6      | Killed Duvessa
  6875 | D:6      | Reached skill level 1 in Evocations
  6879 | D:6      | Killed Dowan
  7243 | D:6      | Learned a level 3 spell: Gell's Gravitas
  7656 | D:7      | Found a flagged portal.
  7669 | Bailey   | Entered a bailey
  7771 | Bailey   | Reached skill level 1 in Translocations
  7800 | Bailey   | Reached skill level 5 in Conjurations
  7806 | Bailey   | Reached skill level 5 in Shields
  7809 | Bailey   | Reached XP level 10. HP: 44/57 MP: 2/19
  8099 | Bailey   | Noticed a two-headed ogre
  8107 | Bailey   | Killed a two-headed ogre
  8352 | Bailey   | Identified the quicksilver dragon scales of Tollod {rC-
                  | Will+ Dex+4}
  8508 | D:7      | Found Duwkaem's Gadget Gallery.
  8581 | D:7      | Reached skill level 5 in Stealth
  8764 | D:7      | Learned a level 5 spell: Borgnjor's Vile Clutch
  8835 | D:7      | Reached skill level 5 in Translocations
  8835 | D:7      | Reached skill level 10 in Earth Magic
  8835 | D:7      | Reached skill level 5 in Evocations
  8835 | D:7      | Reached XP level 11. HP: 61/61 MP: 20/20
  9327 | D:8      | Found a stormy altar of Qazlal.
  9500 | D:8      | Reached *** piety under Sif Muna
  9675 | D:8      | Noticed a cyclops
  9679 | D:8      | Killed a cyclops
  9804 | D:8      | Reached skill level 11 in Earth Magic
  9890 | D:8      | Found a staircase to the Lair.
  9985 | D:8      | Identified the +7 tower shield "Ifue" {rPois rN+ Int+2}
 10567 | D:9      | Noticed a purple ugly thing
 10574 | D:9      | Killed a purple ugly thing
 10716 | D:9      | Found a transporter.
 10726 | D:9      | Found a transporter.
 10737 | D:9      | Noticed an orc high priest
 10964 | D:9      | Got the Tome of Cold
 10985 | D:9      | Found a blossoming altar of Fedhas.
 11089 | D:9      | Reached skill level 5 in Fighting
 11184 | D:9      | Noticed a deep elf knight
 11224 | D:9      | Found Iciu's Assorted Antiques.
 11225 | D:9      | Found Nachuj's Antique Armour Shop.
 11227 | D:9      | Found Heqenuh's Jewellery Shop.
 11238 | D:9      | Found Obeced's Weapon Shop.
 11299 | D:9      | Bought a thick robe for 182 gold pieces
 11299 | D:9      | Identified the +3 robe of Lyuqader {rElec rF+ Str+2} (You
                  | bought it in a shop on level 9 of the Dungeon)
 11299 | D:9      | Bought a scorched cloak for 304 gold pieces
 11299 | D:9      | Identified the +1 cloak "Satuppin" {rElec} (You bought it
                  | in a shop on level 9 of the Dungeon)
 11522 | D:10     | Entered Level 10 of the Dungeon
 11651 | D:10     | Learned a level 6 spell: Iron Shot
 11654 | D:10     | Learned a level 2 spell: Passwall
 11672 | D:10     | Noticed a two-headed ogre
 11676 | D:10     | Killed a two-headed ogre
 11677 | D:10     | Reached skill level 5 in Necromancy
 11677 | D:10     | Reached XP level 12. HP: 68/68 MP: 6/21
 11959 | D:10     | Identified the +0 chain mail of the Devil's Team {rN+ rCorr
                  | Stlth-}
 11982 | D:10     | Noticed a two-headed ogre
 11986 | D:10     | Killed a two-headed ogre
 12345 | D:10     | Reached **** piety under Sif Muna
 13024 | D:11     | Noticed a four-headed hydra
 13032 | D:11     | Killed a four-headed hydra
 13033 | D:11     | Reached skill level 12 in Earth Magic
 13103 | D:11     | Noticed a two-headed ogre
 13104 | D:11     | Found Zin's Purification Station.
 13113 | D:11     | Found a glowing silver altar of Zin.
 13114 | D:11     | Killed a two-headed ogre
 13352 | D:11     | Found a runed translucent door.
 13354 | D:11     | Noticed Woods's ghost (journeyman MiFi)
 13501 | D:11     | Noticed Grum
 13507 | D:11     | Killed Grum
 14617 | D:12     | Reached ***** piety under Sif Muna
 14617 | D:12     | Received a gift from Sif Muna
 14620 | D:12     | Got Sif Muna's Compendium of Mutagenic Necromancy {god
                  | gift}
 14662 | D:12     | Noticed a centaur warrior
 14670 | D:12     | Killed a centaur warrior
 15017 | D:12     | Found a staircase to the Orcish Mines.
 15406 | D:12     | Noticed a four-headed hydra
 15415 | D:12     | Killed a four-headed hydra
 16256 | D:13     | Noticed an eight-headed hydra
 16270 | D:13     | Killed an eight-headed hydra
 16271 | D:13     | Reached XP level 13. HP: 74/78 MP: 4/22
 16441 | D:13     | Reached skill level 13 in Earth Magic
 16682 | Lair:1   | Entered Level 1 of the Lair of Beasts
 16771 | Lair:1   | Found a runed translucent door.
 16773 | Lair:1   | Noticed Koity's ghost (journeyman GrFi)
 16825 | Lair:1   | Found a gate leading to a gauntlet.
 16844 | Gauntlet | Entered a Gauntlet
 16844 | Gauntlet | Found a transporter.
 16844 | Gauntlet | Found a transporter.
 16911 | Gauntlet | Found a transporter.
 16930 | Gauntlet | Found a transporter.
 16932 | Gauntlet | Found a large runed translucent door.
 16933 | Gauntlet | Found a large runed translucent door.
 16934 | Gauntlet | Found a large runed translucent door.
 16934 | Gauntlet | Found a large runed translucent door.
 16939 | Gauntlet | Found a large runed translucent door.
 16952 | Gauntlet | Noticed a blizzard demon
 16957 | Gauntlet | Found a transporter.
 16972 | Gauntlet | Found a transporter.
 16977 | Gauntlet | Found a runed translucent gate.
 16988 | Gauntlet | Noticed a balrug
 16995 | Gauntlet | Found a transporter.
 17013 | Gauntlet | Noticed a green death
 17015 | Gauntlet | Found a large runed translucent door.
 17015 | Gauntlet | Found a large runed translucent door.
 17047 | Gauntlet | Found a runed translucent door.
 17080 | Gauntlet | Found a transporter.
 17098 | Gauntlet | Found a transporter.
 17124 | Gauntlet | Found a transporter.
 17136 | Gauntlet | Found a transporter.
 17157 | Gauntlet | Noticed a blizzard demon
 17158 | Gauntlet | Found a transporter.
 17271 | Gauntlet | Found a transporter.
 17273 | Gauntlet | Found a large runed translucent door.
 17274 | Gauntlet | Found a transporter.
 17276 | Gauntlet | Found a large runed translucent door.
 17277 | Gauntlet | Found a large runed translucent door.
 17277 | Gauntlet | Found a large runed translucent door.
 17277 | Gauntlet | Found a runed translucent door.
 17278 | Gauntlet | Found a large runed translucent door.
 17280 | Gauntlet | Found a large runed translucent door.
 17280 | Gauntlet | Found a large runed translucent door.
 17281 | Gauntlet | Found a large runed translucent door.
 17281 | Gauntlet | Found a large runed translucent door.
 17283 | Gauntlet | Found a runed translucent gate.
 17283 | Gauntlet | Found a runed translucent gate.
 17285 | Gauntlet | Found a transporter.
 17467 | Gauntlet | Killed a blizzard demon
 17745 | Gauntlet | Identified the ring "Iffeick" {rPois Dex+4}
 17787 | Gauntlet | Reached skill level 1 in Invocations
 17791 | Gauntlet | Killed a balrug
 17986 | Gauntlet | Identified the +6 glaive "Feogeigh" {venom, rElec rPois
                  | rN+}
 17986 | Gauntlet | Noticed a minotaur
 18005 | Gauntlet | Killed a minotaur
 18761 | Lair:1   | Killed Koity's ghost
 19160 | D:11     | Killed Woods's ghost
 19166 | D:11     | Got the Guide on Aerial Dislocation
 19803 | Lair:2   | Reached skill level 10 in Shields
 20016 | Lair:2   | Found a staircase to the Swamp.
 20387 | Lair:2   | Noticed Maggie
 20397 | Lair:2   | Killed Maggie
 21146 | Lair:3   | Gained mutation: Your large and strong wings let you fly.
                  | [Gargoyle growth]
 21146 | Lair:3   | Reached XP level 14. HP: 55/84 MP: 16/23
 21310 | Lair:3   | Reached skill level 5 in Invocations
 22018 | Lair:3   | Found a hole to the Spider Nest.
 22273 | Lair:4   | HP: 2/84 [wolf (7)]
 22518 | Lair:4   | Found a frozen archway.
 22562 | Lair:4   | HP: 4/84 [yak (8)]
 22592 | IceCv    | Entered an ice cave
 22967 | IceCv    | HP: 2/84 [white ugly thing (31)]
 23363 | IceCv    | Noticed a frost giant
 23400 | IceCv    | Killed a frost giant
 24600 | Lair:4   | Reached skill level 10 in Conjurations
 24679 | Lair:4   | Reached XP level 15. HP: 59/88 MP: 14/25
 24864 | Lair:4   | Received a gift from Sif Muna
 24865 | Lair:4   | Got Qaraxia's Almanac of Excruciating Air {god gift}
 26331 | Lair:5   | Learned a level 5 spell: Fireball
 27349 | Lair:6   | Entered Level 6 of the Lair of Beasts
 27862 | Lair:6   | Reached skill level 14 in Earth Magic
 28658 | Lair:6   | Found a staircase to the Slime Pits.
 29371 | Lair:6   | Found a large runed translucent door.
 29371 | Lair:6   | Found a large runed translucent door.
 31835 | D:14     | Reached XP level 16. HP: 69/93 MP: 10/28
 32079 | D:14     | Reached skill level 15 in Earth Magic
 32105 | D:14     | Found a gate to the Vaults.
 32169 | D:14     | Identified Roxanne's Grimoire of the Mountains
 32169 | D:14     | Noticed Roxanne
 32196 | D:14     | Killed Roxanne
 32695 | D:14     | Learned a level 5 spell: Irradiate
 32926 | D:14     | Reached skill level 1 in Fire Magic
 33193 | D:15     | Entered Level 15 of the Dungeon
 33609 | D:15     | Received a gift from Sif Muna
 33610 | D:15     | Got Afaev's Compendium of Stones and Lightness {god gift}
 33861 | D:15     | Found a shimmering blue altar of Sif Muna.
 33861 | D:15     | Found a hide-covered altar of Uskayaw.
 33862 | D:15     | Found an opulent altar of Gozag.
 34144 | D:15     | Noticed Rupert
 34148 | D:15     | Killed Rupert
 35399 | D:15     | HP: 1/93 [death knight (23)]
 35400 | D:15     | Killed by mirror damage

Illustrated notes

Levels and vault maps discovered:
D:1:      saegor_arrival_simple_d, layout_loops_ring, minivault_24,
          serial_park_tiny_2
D:2:      layout_loops_corners, chequers_avenue, minmay_hexomino_r4
D:3:      layout_basic, ebering_ghost_rock_garden, minivault_4,
          supply_closet_lemuel, solitary_fountain
D:4:      layout_rooms, minmay_temple_entry_water_ring,
          kennysheep_generic_room_5
D:5:      layout_cave_pools, grunt_temple_overflow_lords_of_destruction
D:6:      layout_layer_cave, nicolae_grassy_gnolls, uniq_duvessa, uniq_eustachio
D:7:      layout_cave_pools, enter_bailey_4, minmay_misc_feat_four_crosses,
          nicolae_shop_gadgets
D:8:      layout_loops_corners, grunt_qazlal_sundering, dpeg_oklobed_lair
D:9:      gammafunk_wand_slinger, layout_gridville, fedhas_altar_3,
          minivault_20, hangedman_decor_opposing, grunt_ministairs_6,
          minmay_shop_grid_forest
D:10:     layout_basic
D:11:     layout_roguey, gammafunk_ghost_grave, chequers_big_river, zin_purify,
          uniq_grum
D:12:     layout_stronghold, david_orc_3
D:13:     layout_irregular_city
D:14:     layout_cave_pods, grunt_vaults_entry_tiered, minmay_misc_feat_columns,
          uniq_roxanne
D:15:     hangedman_slaughterboxes, uniq_rupert
Temple:   mainiacjoe_temple_coin_purse
Lair:1:   layout_cave_pods, gauntlet_entry_generic, ebering_ghost_inner_flame
Lair:2:   layout_loops_ring, palyth_hydra_swamp_entry, beast_lair_carwin_11,
          uniq_maggie
Lair:3:   pond_and_an_island_with_a_cottage, layout_long_grid,
          spider_nest_entry_web_field
Lair:4:   regret_index_harrowing_hell_hive, layout_long_grid,
          portal_ice_cave_entry_animals_and_master, small_statue_intersection,
          small_statue_intersection
Lair:5:   layout_hall_layers, serial_bayou_pond_e
Lair:6:   cheibrodos_lair_end_hotspot, layout_long_grid, slime_dummy,
          infiniplex_staircase_pool

Skill      XL: |  1  2  3  4  5  6  7  8  9 10 11 12 13 14 15 16 |
---------------+-------------------------------------------------+-----
Earth Magic    | 4 5 6 7 8 10 11 12 13 14 15 | 15.0
Spellcasting   | 3 4 5 6 8 9 |  9.6
Conjurations   | 1 3 5 6 8 10 11 12 | 12.7
Fighting       | 3 4 5 7 8 |  8.2
Shields        | 3 5 6 8 10 12 13 14 | 14.3
Evocations     | 3 5 6 |  6.2
Stealth        | 4 5 |  5.1
Translocations | 2 5 6 |  6.0
Necromancy     | 3 5 6 8 9 |  9.1
Invocations    | 4 7 |  7.5
Fire Magic     | 4 |  4.0
Dodging        | |  1.5
Transmutations | |  0.7

Action                   |  1- 3 |  4- 6 |  7- 9 | 10-12 | 13-15 | 16-18 || total
-------------------------+-------+-------+-------+-------+-------+-------++-------
Melee: Unarmed           |     9 |       |       |       |       |       ||     9
       Mace              |   106 |    73 |       |       |       |       ||   179
       Punch             |       |     1 |     2 |     4 |       |       ||     7
       Morningstar       |       |       |    14 |   156 |   425 |       ||   595
       Hand axe          |       |       |    13 |       |       |       ||    13
       Demon trident     |       |       |       |       |   552 |   177 ||   729
 Fire: Hunting sling     |       |     2 |   116 |       |       |       ||   118
 Cast: Sandblast         |    12 |    52 |    72 |   146 |   132 |     6 ||   420
       Stone Arrow       |       |       |       |    41 |    67 |     1 ||   109
       Borgnjor's Vile C |       |       |       |    29 |   194 |    58 ||   281
       Gell's Gravitas   |       |       |       |     2 |     7 |       ||     9
       Iron Shot         |       |       |       |       |    13 |    32 ||    45
       Fireball          |       |       |       |       |     1 |       ||     1
Invok: Channel Magic     |       |       |       |       |    16 |     3 ||    19
Evoke: Wand              |       |       |     7 |    16 |    29 |     7 ||    59
       Condenser vane    |       |       |       |       |     1 |       ||     1
  Use: Scroll            |       |     2 |    14 |     9 |    17 |     1 ||    43
       Potion            |       |       |       |     3 |     7 |     1 ||    11
 Stab: Sleeping          |     2 |       |       |     5 |     3 |     1 ||    11
       Paralysed         |       |       |       |       |     3 |       ||     3
Armor: Robe              |    50 |    58 |    38 |   234 |   683 |   116 ||  1179
Dodge: Dodged            |    89 |    83 |    61 |   176 |   492 |    66 ||   967
Block: Kite shield       |       |       |    14 |    35 |  1241 |   183 ||  1473
       Tower shield      |       |       |       |   101 |       |       ||   101
       Reflection        |       |       |       |       |    11 |     5 ||    16
